AoeStats
← AiM | CanvaL

Arabian Desert

509125894Analyzed
1v1 RM · 6d ago on Sep 25, 2026· 19m 47s· 2 players
Game mode
Random Map
Map size
Tiny (2 player)
Population
200
Speed
Normal
Resources
Standard
Victory
Conquest
Starting age
Dark Age
Ending age
Imperial Age
RankedLock teamsTeams togetherTeam positionsShared explorationLock speedFull tech treeHidden civsTurbo modeCheats
Victory
Defeat
🇲🇽 Huns · Mexico
1588
+14
🇨🇱 Japanese · Chile
1534
-14
AiM | CanvaL
5:58 Loom
7:10 Loom
9:17 Feudal Age
9:25 Man-at-Arms
12:11 Town Watch
12:56 Fletching
No Pauses
7:11 Loom
9:33 Feudal Age
14:44 Fletching
Connection lost

Rejoining the realm…

Still unreachable

The connection could not be restored.

Session expired

The server has moved on; the page needs a fresh start.